 Dungeon Crawl Stone Soup version 0.31-a0-1074-g0b22e4e0f1 (webtiles) character file.

Game seed: 12439003765860322808

993 grandjackal the Trooper (level 8, 0/87 HPs)
             Began as an Ogre Warper on Dec 1, 2023.
             Was an Initiate of Ashenzari.
             Slain by a quasit (2 damage)
             ... summoned by Eustachio
             ... on level 6 of the Dungeon.
             The game lasted 00:09:14 (5541 turns).

grandjackal the Trooper (Ogre Warper)               Turns: 5541, Time: 00:09:15

Health: 0/87       AC:  5    Str: 16      XL:     8   Next: 19%
Magic:  3/17       EV:  9    Int: 16      God:    Ashenzari [......]
Gold:   276        SH:  0    Dex:  2 (8)  Spells: 13/19 levels left

rFire   . . .        u - +2 hand axe (heavy)
rCold   . . .        (no shield)
rNeg    . . .        b - +0 robe
rPois   .            w - +1 hat
rElec   .            t - +0 cloak
rCorr   +            (gloves unavailable)
SInv    .            (boots unavailable)
Will    .....        (no amulet)
Stlth   +            l - ring of resist corrosion
HPRegen 0.34/turn    (no ring)
MPRegen 0.15/turn

%: no passive effects
@: no status effects
A: large, unfitting armour, tough skin 1
a: Renounce Religion


You were on level 6 of the Dungeon.
You worshipped Ashenzari.
Ashenzari was noncommittal.
You visited 2 branches of the dungeon, and saw 7 of its levels.

You collected 276 gold pieces.

Inventory:

Hand Weapons
 j - a +3 sling
 s - a +0 flail
 u - a +2 heavy hand axe (weapon)
Missiles
 d - 7 darts of dispersal (quivered)
 y - 6 poisoned darts
Armour
 b - a +0 robe (worn)
 t - a +0 cloak (worn)
 w - a +1 hat (worn)
Jewellery
 l - a ring of resist corrosion (left hand)
 q - an amulet of the acrobat
Wands
 v - a wand of charming (11)
 x - a wand of polymorph (8)
Scrolls
 c - 2 scrolls of blinking
 e - a scroll of enchant armour {unknown}
 h - 5 scrolls of teleportation
 i - 2 scrolls of fear
 n - 2 scrolls of revelation {unknown}
 o - a scroll of poison {unknown}
 p - a scroll of vulnerability
 z - 2 scrolls of amnesia {unknown}
 D - a scroll of fog {unknown}
 E - a scroll of identify
Potions
 f - a potion of might
 k - 2 potions of mutation
 r - 2 potions of brilliance
 C - a potion of berserk rage {unknown}


   Skills:
 + Level 7.5 Fighting
 - Level 2.0 Maces & Flails
 - Level 1.0 Throwing
 - Level 2.1 Dodging
 + Level 6.2 Spellcasting
 + Level 5.4 Translocations


You had 13 spell levels left.
You knew the following spells:

 Your Spells              Type           Power      Damage    Failure   Level
a - Blink                 Tloc           44%        N/A       2%          2
b - Manifold Assault      Tloc           22%        N/A       14%         4

Your spell library contained the following spells:

 Spells                   Type           Power      Damage    Failure   Level
 Lesser Beckoning         Tloc           44%        N/A       2%          2
 Teleport Other           Tloc           22%        N/A       4%          3
 Sandblast                Erth           8%         2d5       14%         1
 Ensorcelled Hibernation  Hex/Ice        8%         N/A       21%         2
 Jinxbite                 Hex            8%         N/A       21%         2
 Passwall                 Tmut/Erth      3%         N/A       21%         2
 Stone Arrow              Conj/Erth      8%         3d7       38%         3
 Swiftness                Air            4%         N/A       38%         3
 Vhi's Electric Charge    Tloc/Air       26%        N/A       41%         4
 Anguish                  Hex/Necr       2%         N/A       80%         4
 Brom's Barrelling Bould  Conj/Erth      4%         2d3       80%         4


Dungeon Overview and Level Annotations

Branches:
Dungeon (6/15)             Temple (1/1) D:5

Altars:
Ashenzari
Cheibriados
Elyvilon
Fedhas
Gozag
Hepliaklqana
Kikubaaqudgha
Makhleb
Nemelex Xobeh
Okawaru
Qazlal
Sif Muna
Uskayaw
Vehumet
Wu Jian
Xom
Yredelemnul
Zin
The Shining One

Annotations:
D:6 Eustachio


Innate Abilities, Weirdness & Mutations

You are too large for most types of armour.
You have tough skin. (AC +1)


Message History

The quasit claws you but does no damage.
The bat barely misses you.
Casting: Manifold Assault (dangerous; 14% risk of failure)
Confirm with . or Enter, or press ? or * to list all spells.
Okay, then.
Casting: Manifold Assault (dangerous; 14% risk of failure)
Confirm with . or Enter, or press ? or * to list all spells.
Space momentarily warps into an impossible shape!
You slash the bat!
You kill the bat!
The bat's corpse disappears in a puff of smoke!
You closely miss the bat. You closely miss the ufetubus.
The bat hits you but does no damage. x2; The quasit bites you.
* * * LOW HITPOINT WARNING * * *
The quasit claws you.
* * * LOW HITPOINT WARNING * * *
The quasit barely misses you.
The quasit bites you but does no damage.
The quasit claws you but does no damage.
The quasit barely misses you.
Unknown command.
Unknown command.
Casting: Manifold Assault (dangerous; 14% risk of failure)
Confirm with . or Enter, or press ? or * to list all spells.
Space momentarily warps into an impossible shape!
You slash the ufetubus!
You kill the ufetubus!
The ufetubus disappears in a puff of smoke!
You slash the bat!
You kill the bat!
The bat's corpse disappears in a puff of smoke!
You slash the river rat!
You kill the river rat!
The river rat's corpse disappears in a puff of smoke!
The quasit bites you.
* * * LOW HITPOINT WARNING * * *
You feel clumsy.
The quasit claws you but does no damage.
The quasit closely misses you. The quasit bites you.
You die...

### #.# ### #.# #<#
#.# #.# #.# #.# #.#
#.# #.# #.# #.#
####.####@####
#.######.....§.@5...#
#............§§.§####
#..#####.##.######
..r....#.#.......#
#.####.#.#######.#
...r§........#
#.####.#..####
.....#.#..#


You could see Eustachio and a quasit (summoned).

Vanquished Creatures
  A golden eye (D:6)
  An ice beast (D:5)
  An ogre (D:5)
  A centaur (D:5)
  A howler monkey (D:6)
  6 hounds
  3 jellies
  An orc priest (D:3)
  Ijyb (D:5)
  An iguana (D:4)
  An orc wizard (D:3)
  4 gnolls (D:2)
  5 adders
  3 dart slugs
  4 worms
  6 orcs (D:3)
  6 ball pythons
  3 endoplasms
  2 giant cockroaches
  6 goblins
  9 hobgoblins
  13 jackals
  6 kobolds
  2 quokkas
  4 bats
  8 frilled lizards
  9 rats
108 creatures vanquished.

Notes
Turn   | Place    | Note
-------+----------+-------------------------------------------
     0 | D:1      | grandjackal the Ogre Warper began the quest for the Orb.
     0 | D:1      | Reached XP level 1. HP: 22/22 MP: 3/3
   147 | D:1      | Reached skill level 3 in Fighting
   147 | D:1      | Reached XP level 2. HP: 31/31 MP: 5/5
   420 | D:1      | Reached XP level 3. HP: 33/37 MP: 7/7
   940 | D:2      | Learned a level 2 spell: Blink
   985 | D:2      | Reached XP level 4. HP: 13/48 MP: 8/8
  1311 | D:2      | Reached skill level 4 in Fighting
  1811 | D:3      | Reached XP level 5. HP: 22/55 MP: 10/10
  2525 | D:3      | Reached skill level 5 in Fighting
  2920 | D:4      | Reached XP level 6. HP: 63/66 MP: 12/12
  2932 | D:4      | Found a burning altar of Makhleb.
  3029 | D:4      | Learned a level 4 spell: Manifold Assault
  3698 | D:4      | Found a glowing silver altar of Zin.
  3698 | D:4      | Noticed an angel
  3699 | D:4      | Noticed an Executioner
  3724 | D:5      | Entered Level 5 of the Dungeon
  3753 | D:5      | Noticed an ice beast
  3969 | D:5      | Noticed Ijyb
  3977 | D:4      | Reached XP level 7. HP: 53/74 MP: 14/14
  4052 | D:5      | Killed Ijyb
  4053 | D:5      | Reached skill level 6 in Fighting
  4053 | D:5      | Reached skill level 5 in Spellcasting
  4513 | D:5      | Found a staircase to the Ecumenical Temple.
  4528 | D:5      | Reached skill level 5 in Translocations
  4532 | Temple   | Entered the Ecumenical Temple
  4632 | Temple   | Became a worshipper of Ashenzari the Shackled
  4741 | D:5      | Reached skill level 7 in Fighting
  5092 | D:6      | Noticed a hornet
  5097 | D:6      | Reached XP level 8. HP: 63/87 MP: 16/16
  5098 | D:6      | Paralysed by a hornet for 1 turns
  5104 | D:6      | a hornet changed into a golden eye
  5107 | D:6      | Noticed Eustachio
  5534 | D:6      | HP: 3/87 [river rat[Eustachio] (7)]
  5540 | D:6      | HP: 4/87 [quasit[Eustachio] (1)]
  5541 | D:6      | Slain by a quasit

Illustrated notes

Levels and vault maps discovered:
D:1:      dpeg_arrival_ternary, layout_loops_cross
D:2:      layout_rooms
D:3:      layout_loops_cross, grunt_ministairs_1, minmay_lizard_king
D:4:      layout_loops_cross, grunt_temple_overflow_order_and_chaos_2
D:5:      layout_cave_pools, minmay_temple_entry_drinking_statues, uniq_ijyb
D:6:      layout_basic, grunt_dithmenos_smoke_and_mirrors, uniq_eustachio
Temple:   bh_familiar_temple

Skill      XL: |  1  2  3  4  5  6  7  8 |
---------------+-------------------------+-----
Fighting       | 3 4 5 7 |  7.5
Maces & Flails | 2 |  2.0
Translocations | 3 4 5 |  5.4
Spellcasting   | 3 4 5 6 |  6.2
Throwing       | |  1.0
Dodging        | |  2.1

Action                     |  1- 3 |  4- 6 |  7- 9 || total
---------------------------+-------+-------+-------++-------
  Melee: Mace              |   125 |    54 |       ||   179
         Hand axe          |       |    32 |    83 ||   115
         Punch             |       |     1 |       ||     1
   Fire: Sling             |     8 |   162 |    13 ||   183
   Cast: Blink             |       |     1 |     2 ||     3
         Manifold Assault  |       |       |     4 ||     4
  Evoke: Wand              |       |       |     5 ||     5
    Use: Scroll            |       |     9 |       ||     9
         Potion            |       |       |     7 ||     7
 Armour: Robe              |   113 |   135 |   206 ||   454
  Dodge: Dodged            |    73 |    91 |   118 ||   282

Table legend: (Time is in decaauts)
 A = Elapsed time spent in this place.
 B = Non-inter-level travel time spent in this place.
 C = Inter-level travel time spent in this place.
 D = Time resting spent in this place.
 E = Time spent auto-exploring this place.
 F = Levels seen in this place.
 G = Mean time per level.
                   A        B        C        D        E       F      G
               +--------+--------+--------+--------+--------+-----+--------+
         Total |   5743 |   5593 |    150 |   2000 |   2486 |   7 |  820.4 |
       Dungeon |   5630 |   5492 |    138 |   1913 |   2486 |   6 |  938.3 |
        Temple |    112 |    100 |     12 |     87 |      0 |   1 |  112.0 |
               +--------+--------+--------+--------+--------+-----+--------+

Top non-repeatable levels by time:
     D:5: 1331 daAuts
     D:3: 1315 daAuts
     D:4: 1108 daAuts
     D:1: 973 daAuts
     D:2: 723 daAuts
     D:6: 177 daAuts
  Temple: 112 daAuts
